 Dungeon Crawl Stone Soup version 0.28-a0-1286-g6bde065e89 (webtiles) character file.

Game seed: 9682558627395669

76 pokeman the Magician (level 4, -2/25 HPs)
             Began as a Deep Elf Hedge Wizard on Dec 26, 2021.
             Slain by Sigmund (13 damage)
             ... on level 3 of the Dungeon.
             The game lasted 00:03:48 (2612 turns).

pokeman the Magician (Deep Elf Hedge Wizard)        Turns: 2612, Time: 00:03:48

Health: -2/25      AC:  2    Str:  7    XL:     4   Next: 12%
Magic:  7/13       EV: 12    Int: 21    God:
Gold:   150        SH:  0    Dex: 14    Spells: 3/14 levels left

rFire   . . .      SeeInvis .   a - +0 dagger
rCold   . . .      Faith    .   (no shield)
rNeg    . . .      Spirit   .   b - +0 robe
rPois   .          Reflect  .   c - +0 hat
rElec   .          Harm     .   (no cloak)
rCorr   .          Rampage  .   (no gloves)
Will    .....                   (no boots)
Stlth   +.........              h - amulet of the acrobat
HPRegen 0.08/turn               (no ring)
MPRegen 0.13/turn               (no ring)

@: confused
A: no striking features
a: no special abilities


You were on level 3 of the Dungeon.
You visited 1 branch of the dungeon, and saw 3 of its levels.

You collected 176 gold pieces.
You spent 26 gold pieces at shops.

Inventory:

Hand Weapons
 a - a +0 dagger (weapon)
Missiles
 d - 40 arrows
Armour
 b - a +0 robe (worn)
 c - a +0 hat (worn)
Jewellery
 h - an amulet of the acrobat (around neck)
Scrolls
 e - 3 scrolls of teleportation {unknown}
 f - a scroll of enchant armour {unknown}
 g - 3 scrolls of noise {unknown}
 i - 3 scrolls of identify {unknown}
 j - a scroll of vulnerability {unknown}
 k - a scroll of fog
 l - a scroll of silence {unknown}


   Skills:
 - Level 1.0 Fighting
 - Level 1.0 Armour
 + Level 2.6 Dodging
 + Level 2.6 Stealth
 * Level 5.5 Spellcasting
 + Level 2.2 Conjurations
 - Level 1.1 Summonings
 - Level 1.1 Translocations


You had 3 spell levels left.
You knew the following spells:

 Your Spells              Type           Power      Damage    Failure   Level
a - Magic Dart            Conj           60%        1d6       4%          1
b - Mephitic Cloud        Conj/Pois/Air  8%         N/A       22%         3
c - Call Imp              Summ           10%        N/A       10%         2
d - Blink                 Tloc           20%        N/A       10%         2
e - Conjure Flame         Conj/Fire      10%        6-21      21%         3

Your spell library contained the following spells:

 Spells                   Type           Power      Damage    Failure   Level
 Slow                     Hex            20%        N/A       11%         1


Dungeon Overview and Level Annotations

Branches:
Dungeon (3/15)

Altars:

Shops:
D:2 *

Annotations:
D:3 Sigmund


Message History

You hit the orc but do no damage.
The orc is heavily wounded.
Your crimson imp closely misses the scorpion.
The orc misses you.
Your crimson imp hits the scorpion but does no damage.
You hit the orc but do no damage.
The orc is heavily wounded.
The orc hits you with a +0 flail.
Sigmund the Dreaded comes into view.
He is wielding a +0 scythe and wearing a +2 robe of cold resistance.
Sigmund completely misses you.
Sigmund casts a spell.
Sigmund flickers and vanishes!
Deactivating autopickup; reactivate with Ctrl-A.
Casting: Call Imp (safe; 10% risk of failure)
Confirm with . or Enter, or press ? or * to list all spells.
The spell is extremely dangerous to miscast (22% risk of failure)!
Continue anyway?
Aiming: Mephitic Cloud (extremely dangerous; 22% risk of failure)
Press: ? - help, Shift-Dir - straight line, f/p - orc
Aim: an orc, wielding a +0 flail and wearing a +0 chain mail (moderately wounded, chance to affect: 96%) That beam is likely to hit you.
Continue anyway?
The ball explodes into a vile cloud!
The stinking cloud engulfs the orc but does no damage.
The orc is moderately wounded.
The stinking cloud engulfs something but does no damage.
The stinking cloud engulfs you but does no damage.
You are engulfed in noxious fumes.
You choke on the stench!
You are confused.
You hear a shout! x2
Something hits you.
Unknown command.
You bump into the rock wall.
You are engulfed in noxious fumes.
You choke on the stench!
You are more confused.
The orc is engulfed in noxious fumes.
The orc appears confused.
The orc misses you.
Unknown command.
You bump into the rock wall.
The orc is engulfed in noxious fumes.
The orc appears confused.
The orc misses you. Something hits you!
Ouch! That really hurt!
You die...

... #.# #)# #5# #.#
##.#########.#######
#>.
......{s5.s5........
#..
##.#.##o####.#######
# #.##########@# #.#
# #.#.......8..# #.#
#.#.⌠8.......# #.#
#.#.8######### #.#
#.#..# #.# ####.#8.#
#+# ##....#..#
.........#
.....######


You could see a scorpion, an orc (confused) and a friendly crimson imp
(summoned).

Vanquished Creatures
  2 adders (D:2)
  3 dart slugs
  3 orcs (D:3)
  4 bats (D:1)
  4 endoplasms (D:1)
  A giant cockroach (D:1)
  4 goblins
  4 hobgoblins (D:1)
  4 jackals (D:1)
  2 quokkas
  7 ball pythons
  2 frilled lizards
  2 kobolds (D:1)
  4 rats
46 creatures vanquished.

Vanquished Creatures (others)
  2 demonic plants (D:1)
  A withered plant (D:1)
3 creatures vanquished.

Grand Total: 49 creatures vanquished

Notes
Turn   | Place    | Note
-------+----------+-------------------------------------------
     0 | D:1      | pokeman the Deep Elf Hedge Wizard began the quest for the
                  | Orb.
     0 | D:1      | Reached XP level 1. HP: 10/10 MP: 7/7
    33 | D:1      | You fall into a shaft and drop 1 floor!
   349 | D:2      | Reached XP level 2. HP: 10/16 MP: 2/9
   582 | D:1      | Reached skill level 5 in Spellcasting
   673 | D:1      | Reached XP level 3. HP: 13/20 MP: 6/11
  1284 | D:1      | Reached skill level 1 in Armour
  1459 | D:1      | Reached skill level 1 in Fighting
  1463 | D:1      | Learned a level 3 spell: Mephitic Cloud
  1466 | D:1      | Learned a level 2 spell: Call Imp
  1475 | D:1      | Learned a level 2 spell: Blink
  1479 | D:1      | Learned a level 3 spell: Conjure Flame
  1619 | D:1      | Found a faded altar of an unknown god.
  1778 | D:2      | Found Omnedgh's General Store.
  1789 | D:2      | Bought a scroll of fog for 26 gold pieces
  2403 | D:3      | Reached XP level 4. HP: 25/25 MP: 5/13
  2596 | D:3      | Noticed a scorpion
  2605 | D:3      | Noticed Sigmund
  2612 | D:3      | Slain by Sigmund

Illustrated notes

Levels and vault maps discovered:
D:1:      dpeg_arrival_concentric_ovals, layout_basic,
          shapermc_ecumenical_altar_gd, kennysheep_decorative_pillar
D:2:      layout_basic, serial_shops, nicolae_shop_hallway_plus,
          minmay_misc_feat_nine_boxes
D:3:      layout_basic, minmay_tree_intersection, chequers_decorated_corner,
          uniq_sigmund

Skill      XL: |  1  2  3 |
---------------+----------+-----
Spellcasting   | 5 |  5.5
Conjurations   | 2 |  2.2
Armour         | 1 |  1.0
Fighting       | 1 |  1.0
Dodging        | |  2.6
Stealth        | |  2.6
Summonings     | |  1.1
Translocations | |  1.1

Action                   |  1- 3 |  4- 6 || total
-------------------------+-------+-------++-------
Melee: Dagger            |    25 |     2 ||    27
 Cast: Magic Dart        |    99 |    10 ||   109
       Mephitic Cloud    |       |     1 ||     1
       Call Imp          |       |     1 ||     1
Armor: Robe              |     9 |       ||     9
Dodge: Dodged            |    40 |     5 ||    45

Table legend: (Time is in decaauts)
 A = Elapsed time spent in this place.
 B = Non-inter-level travel time spent in this place.
 C = Inter-level travel time spent in this place.
 D = Time resting spent in this place.
 E = Time spent auto-exploring this place.
 F = Levels seen in this place.
 G = Mean time per level.
                   A        B        C        D        E       F      G
               +--------+--------+--------+--------+--------+-----+--------+
         Total |   2613 |   2529 |     84 |     58 |   2210 |   3 |  871.0 |
       Dungeon |   2613 |   2529 |     84 |     58 |   2210 |   3 |  871.0 |
               +--------+--------+--------+--------+--------+-----+--------+

Top non-repeatable levels by time:
     D:1: 1367 daAuts
     D:2: 1028 daAuts
     D:3: 217 daAuts
